Map: Proxima Station LE

Players

iaguz

  • Race: Terran Terran
  • Spawn Location: 7:00

Stephano - Winner!

  • Race: Zerg Zerg
  • Spawn Location: 1:00

Event: WCS Valencia 2017

VOD

Have the link to the VOD?

Description

Time

  • Played on: July 13, 2017, 3:27 p.m.
  • Length: 21:17

All games in this series

Show
View Real Time Build Order
Export as new Build Order

iaguz Terran 

Build Orders: Bio Tank 

Get SALT Encoding   

  12  0:00  SCV  
  13  0:12  SCV  
  14  0:18  Supply Depot  
  14  0:24  SCV  
  15  0:29  Refinery  
  15  0:40  SCV  
  16  0:45  Barracks  
  16  0:52  SCV  
  17  1:04  SCV  
  18  1:16  SCV  
  20  1:32  Orbital Command, Reaper  
  20  1:43  Command Center  
  20  1:54  Factory  
  20  1:58  SCV  
  21  2:07  Barracks Reactor  
  21  2:10  SCV  
  21  2:12  Supply Depot  
  22  2:22  SCV  
  23  2:34  SCV  
  24  2:45  Marine  
  24  2:46  SCV  
  24  2:48  Starport  
  27  2:54  Command Center  
  27  3:00  Orbital Command  
  27  3:01  SCV  
  27  3:11  Refinery  
  27  3:14  SCV  
  27  3:16  Marine x2, Factory Tech Lab  
  30  3:24  Viking  
  30  3:26  SCV  
  33  3:27  SCV  
  34  3:44  SCV x2  
  36  3:51  Engineering Bay  
  36  3:53  Engineering Bay  
  36  3:56  SCV x2  
  36  3:57  Marine  
  36  3:59  Marine  
  40  4:07  Orbital Command, Raven  
  40  4:08  SCV x2  
  44  4:12  Barracks  
  44  4:20  SCV x2, Barracks  
  46  4:25  Barracks Tech Lab  
  46  4:28  Terran Infantry Weapons Level 1  
  46  4:32  SCV  
  46  4:33  SCV, Refinery  
  46  4:35  Refinery  
  46  4:36  SCV  
  49  4:44  SCV  
  49  4:45  SCV  
  51  4:47  Marine  
  51  4:48  Stimpack, SCV  
  51  4:51  Supply Depot  
  53  5:00  SCV  
  53  5:01  SCV  
  53  5:02  Starport Reactor  
  53  5:03  Barracks  
  53  5:05  SCV  
  53  5:06  Barracks  
  56  5:11  Marine x2, Supply Depot  
  56  5:12  Marine  
  56  5:13  SCV x2  
  61  5:14  Factory Reactor  
  61  5:15  Supply Depot  
  62  5:22  Combat Shields  
  62  5:23  Marine  
  62  5:25  SCV  
  62  5:26  SCV, Orbital Command  
  62  5:27  Terran Infantry Armor Level 1  
  64  5:33  Marine x3  
  67  5:38  SCV x2  
  68  5:42  Marine  
  69  5:50  SCV  
  69  5:51  SCV x2  
  69  5:52  Marine, Armory  
  69  5:53  Marine x2  
  69  5:54  Barracks Reactor x2  
  69  5:56  Medivac  
  77  6:02  SCV  
  77  6:03  SCV, Supply Depot  
  77  6:04  SCV  
  80  6:07  Factory Tech Lab  
  80  6:11  Marine x4  
  80  6:12  Marine  
  85  6:25  SCV x3, Medivac, Supply Depot  
  91  6:26  Supply Depot  
  91  6:27  Siege Tank  
  91  6:29  Supply Depot  
  93  6:38  Refinery x2  
  93  6:46  Marine x2  
  93  6:47  Marine x6, Medivac, SCV x3  
  106  6:59  Medivac  
  108  7:03  Siege Tank  
  108  7:04  Marine x5  
  108  7:05  Marine  
  117  7:11  Factory  
  117  7:12  Marine x2, Supply Depot  
  117  7:13  Supply Depot  
  119  7:21  Medivac  
  119  7:22  Marine x4  
  123  7:23  SCV x2  
  123  7:24  Terran Infantry Weapons Level 2  
  123  7:25  Terran Infantry Armor Level 2, SCV  
  128  7:32  Marine x3, Medivac  
  128  7:33  Marine  
  134  7:41  Marine x2  
  134  7:42  Marine x2  
  138  7:52  Marine x4  
  138  7:53  Siege Tank  
  145  8:01  Marine x2, Factory Tech Lab  
  145  8:02  Medivac  
  145  8:03  Supply Depot  
  145  8:04  Starport  
  149  8:07  Supply Depot  
  149  8:19  Marine  
  149  8:24  Marine x2  
  149  8:25  Siege Tank  
  149  8:27  Liberator, Marine x3  
  154  8:29  Siege Tank, Marine x2  
  154  8:32  Supply Depot  
  154  8:33  Supply Depot  
  160  8:36  Liberator  
  160  8:39  Command Center  
  163  8:51  Marine x2  
  163  8:53  Marine x4  
  172  9:02  Marine x2  
  171  9:04  Starport Reactor  
  171  9:05  Supply Depot  
  171  9:06  Supply Depot  
  171  9:10  Marine x2  
  171  9:11  Liberator  
  171  9:15  Marine x4  
  171  9:16  Siege Tank  
  180  9:21  Liberator, Marine  
  180  9:23  Marauder  
  180  9:28  Siege Tank, Marine x2  
  187  9:33  Marine  
  187  9:34  Unknown  
  187  9:35  Unknown x7, Marine x2  
  190  9:39  Marauder  
  190  9:41  Marine  
  190  9:44  Marauder  
  189  9:47  Marine x2  
  185  9:53  Supply Depot  
  185  9:57  Marine x2  
  179  10:00  Liberator x2  
  179  10:01  Liberator  
  140  10:10  Terran Infantry Weapons Level 3  
  143  10:16  Siege Tank, Liberator  
  143  10:17  Siege Tank  
  149  10:32  Marauder, Marine x6  
  160  10:37  Planetary Fortress  
  160  10:41  Unknown  
  160  10:42  Marauder  
  162  10:49  Siege Tank  
  163  10:50  Marine x2  
  163  10:55  Marine x2  
  163  10:56  Marauder  
  167  10:57  Liberator  
  167  11:03  Marine x2  
  167  11:04  Marauder  
  171  11:07  Marine  
  172  11:12  Siege Tank, Marine  
  172  11:13  Marine x2  
  172  11:15  Medivac  
  172  11:17  Marauder  
  185  11:19  Refinery x2  
  185  11:21  Siege Tank, Marine x2  
  185  11:25  Marauder, Marine  
  192  11:27  Liberator x2  
  192  11:29  Marine  
  192  11:31  Marine x2  
  183  11:38  Marauder  
  183  11:39  Marine x2  
  178  11:43  Marine  
  178  11:46  Marauder  
  187  11:47  Marine  
  187  11:48  Marine  
  187  11:50  Marine  
  187  11:51  Command Center  
  189  11:56  Marine  
  189  11:57  Marine  
  189  12:00  Marauder  
  189  12:01  Marine  
  187  12:03  Unknown  
  187  12:05  Marine  
  187  12:06  Marine  
  187  12:08  Siege Tank, Marauder, Marine  
  192  12:09  Siege Tank  
  192  12:14  Marine  
  200  12:25  Marine x2  
  200  12:27  Terran Infantry Armor Level 3  
  200  12:28  Unknown  
  200  12:40  Marauder, Marine x2, Liberator x3  
  185  12:46  Marauder, Marine  
  185  12:49  Marine x2  
  185  12:50  Marine  
  127  12:57  Siege Tank x2, Liberator, Marine x2  
  117  13:01  Marauder  
  117  13:03  Marine  
  117  13:04  Barracks  
  117  13:05  Barracks  
  119  13:07  Marine x2  
  119  13:08  Marauder, Marine  
  124  13:15  Marine x2  
  129  13:21  Marine  
  129  13:23  Marauder  
  129  13:25  Marine x2, Concussive Shells  
  129  13:27  Marine  
  134  13:29  Liberator  
  134  13:30  Liberator x2  
  134  13:33  Marine x2  
  139  13:35  Siege Tank x2  
  139  13:39  Marine  
  146  13:42  Marine  
  146  13:43  Marine  
  146  13:44  Marauder, Marine  
  158  13:51  Marauder, Marine  
  158  13:54  Barracks Tech Lab  
  161  13:55  Barracks Tech Lab  
  163  14:03  Planetary Fortress  
  163  14:05  Liberator  
  160  14:10  Marauder, Marine x3  
  160  14:11  Marine x2  
  160  14:13  Marauder, Marine  
  160  14:14  Marauder  
  166  14:21  Liberator  
  166  14:22  Siege Tank  
  172  14:24  Refinery  
  172  14:25  Refinery  
  172  14:26  Marauder  
  172  14:28  Marine x5  
  179  14:32  Marauder  
  179  14:35  Marine  
  179  14:36  Marauder, Marine  
  185  14:46  Marine x3  
  185  14:47  Marauder  
  185  14:51  Marine x2  
  192  14:53  Marauder  
  192  14:56  Marauder, Marine  
  192  14:57  Siege Tank  
  200  15:15  Liberator  
  200  15:16  Marauder, Marine  
  167  15:22  Marauder, Marine x5  
  167  15:23  Marauder  
  167  15:26  Marauder  
  136  15:30  Siege Tank  
  136  15:31  Siege Tank, Medivac x3  
  136  15:33  Marine  
  149  15:38  Marauder  
  149  15:39  Marine  
  149  15:40  Marine x3  
  155  15:44  Marauder  
  155  15:45  Marine  
  155  15:46  Marine  
  155  15:49  Liberator x3  
  161  15:51  Marine  
  161  15:57  Marine x3  
  161  15:58  Marine  
  161  16:02  Liberator  
  161  16:03  Marine  
  168  16:05  Siege Tank  
  168  16:06  Siege Tank  
  179  16:18  Marauder x4  
  187  16:20  Marine  
  191  16:32  Marine x3  
  194  16:38  Marine x2  
  194  16:39  Marauder x2  
  199  16:49  Liberator x2  
  199  16:50  Liberator  
  181  16:58  Marauder x2, Marine x2  
  181  17:00  Marauder  
  181  17:01  Marauder  
  152  17:05  Siege Tank, Marine x4  
  152  17:06  Siege Tank  
  164  17:09  Medivac  
  166  17:16  Marine  
  167  17:23  Marauder, Marine x6  
  167  17:24  Marauder  
  167  17:27  Marine  
  178  17:30  Unknown x4  
  178  17:34  Marine  
  179  17:41  Marine x2  
  179  17:42  Liberator x2, Marine x3  
  186  17:45  Marauder  
  192  17:51  Marine  
  193  17:59  Siege Tank x2  
  199  18:06  Marine  
  199  18:10  Liberator  
  186  18:23  Marauder x2, Marine x2  
  186  18:24  Marine x2  
  186  18:25  Marauder  
  186  18:26  Marauder, Marine x2  
  152  18:31  Siege Tank  
  152  18:33  Liberator x2  
  118  18:41  Marine x2  
  108  18:42  Marine x2  
  108  18:44  Marine x2  
  108  18:45  Marauder x2  
  108  18:46  Marauder  
  108  18:47  Orbital Command  
  111  18:52  Liberator  
  115  18:58  Liberator  
  115  19:01  Siege Tank  
  118  19:09  Siege Tank  
  124  19:15  Marine  
  128  19:19  Marauder  
  128  19:23  Marauder  
  132  19:24  Marine  
  132  19:30  Marine  
  132  19:31  Marauder  
  122  19:36  SCV x2  
  122  19:37  SCV x2  
  126  19:41  Marine x2  
  126  19:42  Marauder  
  126  19:43  Marine  
  131  19:48  Marine  
  131  19:49  Marauder, Marine  
  131  19:50  Marauder  
  112  19:53  Marine  
  112  19:54  Marauder  
  112  19:59  Marine  
  104  20:03  Marauder  
  104  20:04  Marine  
  104  20:06  Marine x2  
  92  20:12  Marine x2  
  88  20:18  Marine  
  88  20:19  Medivac x2  
  88  20:21  Medivac  
  77  20:24  Marine  
  77  20:25  Siege Tank x2  
  72  20:41  Marine  
  72  20:42  Marine  
  72  20:47  Marauder x2  
  72  20:48  Marauder  
Show
View Real Time Build Order
Export as new Build Order

Stephano Zerg - Winner!

Build Orders: Hatch First 

Get SALT Encoding   

  12  0:01  Drone  
  13  0:12  Overlord  
  13  0:17  Drone  
  14  0:31  Drone x2  
  14  0:34  Drone  
  17  0:52  Hatchery  
  17  0:55  Drone  
  17  0:58  Drone  
  18  1:09  Extractor  
  17  1:13  Spawning Pool  
  17  1:16  Drone  
  17  1:20  Drone  
  18  1:29  Drone  
  19  1:40  Overlord  
  19  1:52  Drone  
  20  1:59  Queen  
  20  2:00  Zergling x2  
  23  2:03  Queen  
  23  2:04  Zergling x2  
  26  2:13  Drone  
  26  2:14  Metabolic Boost  
  27  2:16  Drone  
  29  2:22  Drone  
  29  2:33  Hatchery  
  28  2:41  Queen  
  31  2:44  Drone  
  31  2:47  Overlord  
  31  2:50  Drone  
  32  2:54  Drone  
  32  2:56  Drone  
  34  2:59  Drone  
  34  3:04  Drone  
  36  3:11  Drone  
  37  3:13  Drone x2  
  37  3:15  Drone x3  
  37  3:17  Drone  
  37  3:19  Overlord  
  43  3:29  Drone  
  44  3:37  Queen  
  44  3:39  Drone x3  
  44  3:40  Queen  
  51  3:41  Drone  
  51  3:44  Overlord  
  51  3:46  Queen  
  54  3:51  Drone x2  
  54  3:54  Overlord  
  56  3:56  Drone  
  56  3:58  Drone  
  58  4:03  Overlord  
  58  4:05  Drone  
  59  4:11  Evolution Chamber  
  59  4:12  Evolution Chamber  
  59  4:14  Drone x2  
  59  4:18  Drone  
  59  4:19  Drone  
  59  4:21  Drone  
  59  4:22  Drone x2  
  64  4:24  Spore Crawler  
  64  4:25  Spore Crawler  
  64  4:26  Spore Crawler, Overlord  
  64  4:28  Drone  
  62  4:32  Zergling x6  
  65  4:39  Zergling x4  
  65  4:41  Zerg Ground Armor Level 1  
  65  4:42  Drone  
  68  4:47  Overlord  
  68  4:48  Drone x3  
  68  4:50  Drone x2  
  68  4:51  Drone  
  74  4:53  Extractor  
  74  4:54  Queen  
  74  4:55  Extractor  
  74  4:58  Queen  
  75  5:00  Overlord  
  75  5:02  Drone  
  75  5:03  Extractor  
  75  5:04  Drone  
  75  5:05  Extractor  
  75  5:10  Zerg Missile Weapons Level 1  
  75  5:12  Drone  
  75  5:13  Drone x3  
  79  5:14  Extractor  
  79  5:20  Overlord  
  78  5:23  Drone  
  78  5:26  Drone  
  78  5:27  Drone x2  
  82  5:29  Baneling Nest  
  81  5:38  Overlord  
  81  5:39  Drone x2  
  83  5:43  Drone  
  83  5:44  Drone x5  
  83  5:46  Overlord  
  83  5:47  Lair  
  83  5:48  Drone  
  83  5:49  Drone  
  91  5:50  Overlord  
  91  5:52  Pneumatized Carapace  
  91  5:56  Overlord  
  91  5:57  Zergling x4  
  91  6:02  Zergling x6  
  91  6:03  Zergling x2  
  97  6:17  Hatchery, Drone  
  97  6:18  Drone  
  97  6:26  Spore Crawler, Zergling x12  
  97  6:31  Overlord  
  97  6:32  Zergling x2  
  103  6:33  Zergling x2  
  103  6:34  Baneling x4  
  103  6:35  Baneling x3  
  104  6:41  Zergling x2  
  104  6:42  Zergling x16  
  113  6:48  Centrifical Hooks  
  113  6:50  Hydralisk Den  
  113  6:51  Overseer  
  113  6:52  Zerg Ground Armor Level 2  
  113  6:54  Overseer  
  112  6:56  Zergling x4  
  113  7:05  Zerg Missile Weapons Level 2  
  113  7:08  Overlord  
  113  7:11  Overlord  
  112  7:15  Overlord  
  112  7:17  Overlord  
  112  7:24  Overlord x2  
  112  7:26  Hydralisk, Muscular Augments  
  112  7:27  Hydralisk x3  
  112  7:29  Hydralisk  
  122  7:33  Hydralisk x2  
  122  7:35  Hydralisk  
  128  7:40  Overseer  
  128  7:41  Hydralisk  
  130  7:45  Hydralisk  
  130  7:48  Baneling x2  
  130  7:49  Zergling x12  
  138  7:55  Zergling x6  
  141  7:59  Baneling  
  141  8:02  Drone x2  
  141  8:04  Infestation Pit, Zergling x6  
  140  8:15  Hydralisk x3  
  140  8:18  Drone x3  
  140  8:19  Drone  
  150  8:28  Zergling x2  
  150  8:29  Zergling x20  
  161  8:42  Overlord  
  161  8:43  Hive  
  161  8:44  Zergling x8  
  164  8:50  Overlord  
  164  8:54  Baneling  
  163  8:55  Zergling x2  
  163  8:56  Zergling x6  
  162  9:06  Drone x5  
  162  9:08  Extractor  
  162  9:09  Extractor  
  165  9:14  Overlord  
  163  9:17  Overlord  
  163  9:19  Zerg Melee Weapons Level 1  
  163  9:21  Overlord  
  163  9:22  Zergling x2  
  163  9:23  Zergling x18  
  173  9:36  Baneling x7  
  173  9:37  Baneling x7  
  173  9:38  Zergling x12  
  176  9:47  Zergling x6  
  156  10:04  Hydralisk  
  156  10:05  Hydralisk x6  
  135  10:08  Hydralisk x2  
  135  10:09  Hydralisk  
  135  10:12  Baneling  
  135  10:13  Baneling x3, Ultralisk Cavern  
  135  10:14  Baneling x4  
  136  10:17  Hydralisk x9  
  154  10:28  Queen  
  154  10:35  Zergling x14  
  163  10:44  Zergling x14  
  170  10:56  Drone  
  170  10:57  Drone x4  
  174  11:01  Chitinous Plating  
  174  11:03  Zerg Ground Armor Level 3  
  175  11:05  Viper x3  
  175  11:07  Zergling x2  
  175  11:08  Zergling x6  
  188  11:16  Zerg Melee Weapons Level 2  
  188  11:18  Ultralisk  
  176  11:35  Ultralisk x2  
  176  11:36  Hatchery  
  176  11:37  Zergling x2  
  176  11:38  Zergling x2  
  181  11:45  Ultralisk  
  187  11:57  Ultralisk  
  187  11:59  Overlord x2  
  180  12:02  Extractor  
  179  12:09  Overlord x2  
  179  12:20  Ultralisk x2  
  191  12:27  Zergling x6  
  191  12:28  Zergling x12  
  184  12:51  Ultralisk x3, Zergling x2  
  182  12:52  Zergling x10  
  182  12:57  Viper  
  172  13:02  Drone x7  
  179  13:16  Ultralisk x2  
  191  13:31  Zergling x2  
  191  13:32  Zergling x12  
  198  13:40  Zerg Missile Weapons Level 3  
  198  13:42  Overlord  
  198  13:45  Zerg Melee Weapons Level 3  
  198  13:57  Spire  
  198  13:58  Adrenal Glands  
  197  14:06  Viper  
  197  14:32  Extractor x2  
  197  14:35  Viper x2  
  197  14:53  Overseer  
  197  15:03  Baneling x11  
  197  15:04  Baneling x3  
  171  15:26  Ultralisk  
  171  15:27  Ultralisk, Zergling x2  
  171  15:28  Zergling x38  
  156  15:35  Zerg Flyer Armor Level 1  
  157  15:45  Ultralisk x4  
  157  15:47  Zergling x16  
  157  15:48  Zergling x6  
  157  15:49  Queen  
  192  15:50  Queen  
  192  15:53  Queen  
  198  16:02  Extractor  
  197  16:19  Zergling x6  
  197  16:20  Hatchery, Baneling x5  
  197  16:21  Baneling x3  
  199  16:30  Hatchery  
  169  16:55  Hydralisk x12  
  169  16:57  Zergling x2  
  169  16:58  Zergling x20  
  175  17:04  Hydralisk x4  
  177  17:09  Viper x4  
  177  17:12  Overseer  
  187  17:21  Baneling  
  187  17:22  Baneling x8  
  187  17:23  Hydralisk x4  
  194  17:31  Hydralisk x2  
  163  18:27  Zergling x16  
  163  18:28  Zergling x20  
  163  18:31  Ultralisk x2  
  174  18:40  Hydralisk x6  
  185  18:45  Extractor x2  
  185  18:48  Queen x2  
  185  18:52  Hydralisk x4, Baneling x6  
  190  18:56  Hatchery  
  190  18:58  Hatchery  
  189  19:06  Hydralisk x5  
  199  19:15  Zergling x2  
  196  19:33  Zergling x2  
  196  19:34  Zergling x6  
  196  19:37  Burrow  
  200  19:40  Hatchery  
  186  20:03  Hydralisk x7  
  186  20:04  Hydralisk x4  
  194  20:20  Hydralisk x5  
  199  20:52  Zergling x2  
Tags
 
Add a new tag
Caveats
  • Supply blocks, unpowered buildings, or Contaminate may cause inaccurate times.
  • Supply counts are checked every 10 seconds.